AoeStats
← TheLaaNd4432

Arena

509784256Analyzed
1v1 RM · 5d ago on Sep 28, 2026· 32m 10s· 2 players
Game mode
Random Map
Map size
Tiny (2 player)
Population
200
Speed
Normal
Resources
Standard
Victory
Conquest
Starting age
Dark Age
Ending age
Imperial Age
RankedLock teamsTeams togetherTeam positionsShared explorationLock speedFull tech treeHidden civsTurbo modeCheats
Victory
Defeat
🇪🇸 Armenians · Spain
943
+19
🇹🇷 Britons · Türkiye
1000
-58
TETE SKEDAR
10:29 Feudal Age
13:56 Castle Age
12:10 Double-Bit Axe
16:07 Bow Saw
20:58 Scale Mail Armor
22:04 Horse Collar
24:35 Forging
24:16 Loom
26:00 Wheelbarrow
27:31 Iron Casting
27:12 Chain Mail Armor
32:48 Imperial Age
30:36 Hand Cart
TheLaaNd4432
5:33 Loom
13:28 Feudal Age
16:57 Wheelbarrow
20:57 Castle Age
19:25 Double-Bit Axe
19:23 Horse Collar
19:49 Scale Mail Armor
19:49 Padded Archer Armor
19:40 Fletching
21:16 Gold Mining
21:18 Stone Mining
21:50 Crossbowman
23:46 Heavy Plow
26:15 Hand Cart
Connection lost

Rejoining the realm…

Still unreachable

The connection could not be restored.

Session expired

The server has moved on; the page needs a fresh start.